 Dungeon Crawl Stone Soup version 0.27.1-4-g1640c2035a (webtiles) character file.

Game seed: 148510386063614988

185 Crownlay the Chopper (level 5, -5/45 HPs)
             Began as a Hill Orc Fighter on Nov 6, 2021.
             Slain by Sigmund (17 damage)
             ... on level 3 of the Dungeon.
             The game lasted 00:03:52 (2378 turns).

Crownlay the Chopper (Hill Orc Fighter)             Turns: 2378, Time: 00:03:52

Health: -5/45      AC:  8    Str: 26    XL:     5   Next: 64%
Magic:  5/5        EV: 10    Int:  8    God:
Gold:   133        SH:  0    Dex: 10    Spells: 4/4 levels left

rFire    . . .     SeeInvis .   a - +0 war axe
rCold    . . .     Faith    .   (no shield)
rNeg     . . .     Spirit   .   b - +0 scale mail
rPois    .         Reflect  .   l - +0 helmet
rElec    .         Harm     .   (no cloak)
rCorr    .         Rampage  .   (no gloves)
Will     .....                  (no boots)
Stlth    ..........             (no amulet)
HPRegen  0.15/turn              m - +6 ring of strength
MPRegen  0.09/turn              (no ring)

@: no status effects
A: no striking features
a: no special abilities


You were on level 3 of the Dungeon.
You visited 1 branch of the dungeon, and saw 3 of its levels.

You collected 133 gold pieces.

Inventory:

Hand Weapons
 a - a +0 war axe (weapon)
Armour
 b - a +0 scale mail (worn)
 c - a +0 kite shield
 l - a +0 helmet (worn)
Jewellery
 m - a +6 ring of strength (left hand)
Scrolls
 e - a scroll of torment {unknown}
 k - a scroll of identify {unknown}
 n - a scroll of noise {unknown}
Potions
 d - a potion of might
 f - a potion of degeneration {unknown}
 g - a potion of attraction {unknown}
 h - a potion of berserk rage {unknown}
 i - a potion of curing {unknown}
 j - a potion of magic {unknown}
 o - 2 potions of heal wounds {unknown}


   Skills:
 - Level 3.6 Fighting
 * Level 6.3 Axes
 - Level 3.2 Armour
 + Level 4.7 Shields


You had 4 spell levels left.
You didn't know any spells.
Your spell library contained the following spells:

 Spells                   Type           Power      Damage    Failure   Level
 Sandblast                Erth           0%         2d4       69%         1
 Summon Small Mammal      Summ           0%         N/A       69%         1
 Passwall                 Tmut/Erth      0%         N/A       83%         2
 Call Canine Familiar     Summ           0%         N/A       96%         3
 Summon Guardian Golem    Hex/Summ       0%         N/A       96%         3
 Lee's Rapid Deconstruct  Erth           0%         3d5*      100%        5


Dungeon Overview and Level Annotations

Branches:
Dungeon (3/15)

Altars:

Shops:
D:1 ?

Annotations:
D:3 Sigmund


Message History

You open the door.
Sigmund the Dreaded comes into view.
He is wielding a +0 scythe and wearing a +2 robe of positive energy.
Sigmund shouts!
Found a stone staircase leading up.
Sigmund is nearby!
Sigmund is nearby!
Sigmund drinks a potion.
Sigmund seems to grow stronger.
There is an open door here.
Sigmund hits you with a +0 scythe.
You barely miss Sigmund. Sigmund hits you with a +0 scythe!
You closely miss Sigmund.
Your scale mail prevents you from hitting Sigmund.
Sigmund closely misses you.
You slash Sigmund!
Sigmund is heavily wounded.
Sigmund gestures at you while chanting.
You are confused.
You miss Sigmund.
Sigmund is heavily wounded.
Sigmund hits you with a +0 scythe.
You hit Sigmund but do no damage.
Sigmund is heavily wounded.
Sigmund hits you with a +0 scythe!
You bump into the rock wall.
Sigmund barely misses you.
Sigmund hits you from afar with a +0 scythe.
There is an open door here.
You bump into the rock wall.
You feel less confused. Sigmund misses you.
You closely miss Sigmund.
Sigmund is heavily wounded.
Sigmund barely misses you.
You barely miss Sigmund.
Sigmund is heavily wounded.
Sigmund hits you with a +0 scythe!
* * * LOW HITPOINT WARNING * * *
You completely miss Sigmund.
Sigmund is heavily wounded.
Sigmund hits you with a +0 scythe!
You die...

....# #.# #... .##.# #.#
#.## .##.....# .# ..
.###.#### # #.# .....#
##+# #.# #.##.# ##...#
#.# #.##.# #.....# ###.#
#..#.# .......## ##.#.#
†....###
.......@####....########
.......+
......@.'.......[.......
#...####
........####....########
#..## ..<....##
#.........# ...###
#.....# #.#...###.#
.....# ##...# #.#.### #
.#.#.# ##+# #.#.# #
..##.# #.# #.#.#####.# #
.###.## #.# #.........#
#


You could see Sigmund (strong).

Vanquished Creatures
  A centaur skeleton (D:2)
  Natasha (twice) (D:3)
  Robin (D:3)
  2 adders
  A worm (D:3)
  2 endoplasms
  5 giant cockroaches (D:1)
  10 goblins
  10 hobgoblins
  4 jackals (D:3)
  3 quokkas
  7 ball pythons
  9 bats
  6 frilled lizards
  6 kobolds
  5 rats
74 creatures vanquished.

Notes
Turn   | Place    | Note
-------+----------+-------------------------------------------
     0 | D:1      | Crownlay the Hill Orc Fighter began the quest for the Orb.
     0 | D:1      | Reached XP level 1. HP: 19/19 MP: 1/1
    62 | D:1      | Reached skill level 3 in Axes
   228 | D:1      | Reached XP level 2. HP: 16/26 MP: 2/2
   566 | D:1      | Reached skill level 4 in Axes
   567 | D:1      | Found Docy's Magic Scroll Boutique.
   574 | D:1      | Reached XP level 3. HP: 29/31 MP: 3/3
   967 | D:2      | Reached XP level 4. HP: 35/39 MP: 4/4
  1035 | D:2      | Reached skill level 5 in Axes
  1380 | D:2      | Found a faded altar of an unknown god.
  1652 | D:3      | Noticed Robin
  1658 | D:3      | Killed Robin
  1859 | D:3      | Noticed Natasha
  1873 | D:3      | Killed Natasha
  1874 | D:3      | Reached XP level 5. HP: 24/45 MP: 5/5
  1988 | D:3      | Noticed Natasha
  1996 | D:3      | Killed Natasha
  1997 | D:3      | Reached skill level 6 in Axes
  2362 | D:3      | Noticed Sigmund
  2378 | D:3      | Slain by Sigmund

Illustrated notes

Levels and vault maps discovered:
D:1:      heliophobic_arrival_henge, layout_loops_ring, serial_shops, shop
D:2:      layout_rooms, dreamdust_ecumenical_altar_statues, skrybe_limestone_x
D:3:      layout_loops_corners, tgw_trog, portal_sewer_entry_b, uniq_robin,
          uniq_natasha, uniq_sigmund

Skill      XL: |  1  2  3  4  5 |
---------------+----------------+-----
Axes           | 3 4 5 6 |  6.3
Shields        | 4 |  4.7
Fighting       | |  3.6
Armour         | |  3.2

Action                   |  1- 3 |  4- 6 || total
-------------------------+-------+-------++-------
Melee: War axe           |    98 |   135 ||   233
Armor: Scale mail        |    62 |    64 ||   126
Dodge: Dodged            |    69 |    58 ||   127
